 Dungeon Crawl Stone Soup version 0.31-a0-960-g0fca184906 (webtiles) character file.

Game seed: 711025287504394648

101 gruber the Ruffian (level 4, -29/38 HPs)
             Began as a Ghoul Monk on Oct 22, 2023.
             Annihilated by an ogre
             ... wielding a +0 giant spiked club
              (35 damage)
             ... on level 3 of the Dungeon.
             The game lasted 00:01:34 (1773 turns).

gruber the Ruffian (Ghoul Monk)                     Turns: 1773, Time: 00:01:35

Health: -29/38     AC:  4    Str: 16    XL:     4   Next: 75%
Magic:  3/3        EV: 12    Int:  5    God:
Gold:   105        SH:  0    Dex: 11    Spells: 3/3 levels left

rFire   . .          .
                       - Unarmed
rCold   + . .        c - orb {light}
rNeg    + + +        a - +0 robe
rPois   ∞            (no helmet)
rElec   .            (no cloak)
rCorr   .            p - +1 pair of gloves
SInv    .            (no boots)
Will    .....        (no amulet)
Stlth   +            (no ring)
HPRegen 0.00/turn    (no ring)
MPRegen 0.08/turn

%: no passive effects
@: inhibited regen, glowing
A: claws 1, cold resistance 1, negative energy resistance 3, inhibited
regeneration, torment resistance 2, devour on kill
a: no special abilities


You were on level 3 of the Dungeon.
You visited 1 branch of the dungeon, and saw 3 of its levels.

You collected 105 gold pieces.

Inventory:

Missiles
 o - a poisoned dart
Armour
 a - a +0 robe (worn)
 c - an orb of light (worn)
 p - a +1 pair of gloves (worn)
Jewellery
 j - an amulet of magic regeneration
Scrolls
 e - 2 scrolls of enchant weapon {unknown}
 g - 2 scrolls of teleportation {unknown}
 h - a scroll of identify {unknown}
 i - a scroll of butterflies {unknown}
 k - a scroll of enchant armour {unknown}
 l - a scroll of vulnerability {unknown}
 n - a scroll of blinking {unknown}
Potions
 b - a potion of ambrosia
 d - a potion of haste {unknown}
 f - a potion of mutation {unknown}
 m - 2 potions of brilliance {unknown}


   Skills:
 - Level 3.2 Fighting
 - Level 2.6 Dodging
 + Level 5.9 Unarmed Combat


You had 3 spell levels left.
You didn't know any spells.
Your spell library contained the following spells:

 Spells                   Type           Power      Damage    Failure   Level
 Manifold Assault         Tloc           0%         N/A       99%         4
 Dispersal                Tloc           0%         N/A       100%        6
 Disjunction              Tloc           0%         N/A       100%        8


Dungeon Overview and Level Annotations

Branches:
Dungeon (3/15)

Altars:


Innate Abilities, Weirdness & Mutations

You are immune to poison.
You have sharp fingernails.
Your flesh is cold resistant. (rC+)
You are immune to negative energy. (rN+++)
You do not regenerate when monsters are visible.
You are immune to unholy pain and torment.
You thrive by killing the living.


Message History

Throw: 5 darts (poison)
Press: ? - help, Shift-Dir - straight line, f - ogre
Aim: an ogre, wielding a +0 giant spiked club (70% to hit)
You throw a poisoned dart. The poisoned dart hits the ogre.
The kobold throws a stone.
The stone barely misses you.
Unknown command.
Throw: 4 darts (poison)
Press: ? - help, Shift-Dir - straight line, f/p - ogre
Aim: an ogre, wielding a +0 giant spiked club (70% to hit)
You throw a poisoned dart. The poisoned dart hits the ogre.
The ogre is poisoned.
Unknown command.
Unknown command.
Throw: 3 darts (poison)
Press: ? - help, Shift-Dir - straight line, f/p - ogre
Aim: an ogre, wielding a +0 giant spiked club (lightly wounded, poisoned, haloed, 92% to hit)
You throw a poisoned dart. The poisoned dart hits the ogre.
The ogre is lightly wounded.
Unknown command.
Unknown command.
Throw: 2 darts (poison)
Press: ? - help, Shift-Dir - straight line, f/p - ogre
Aim: an ogre, wielding a +0 giant spiked club (lightly wounded, poisoned, haloed, 92% to hit)
You throw a poisoned dart. The poisoned dart hits the ogre.
The ogre looks even sicker.
The ogre is lightly wounded.
The kobold throws a stone.
The stone closely misses you.
Unknown command.
You hit the ogre.
The ogre is lightly wounded.
You punch the ogre!
The ogre is moderately wounded.
The ogre hits you with a +0 giant spiked club!!
Ouch! That really hurt!
* * * LOW HITPOINT WARNING * * *
You punch the ogre!
The ogre is severely wounded.
The ogre hits you with a +0 giant spiked club!!
Ouch! That really hurt!
You die...

##......#.#
##.........#
#>.........#
#..........#
#....$.....#
##.<.<......#
..?.........#
#....@...#
#....KO....#
#.....(.......
#.....(....##.
#....>("...#
#.....(....#
##........##
##......##


You could see an ogre (very poisoned) and a kobold.

Vanquished Creatures
  Jessica (D:2)
  3 adders (D:2)
  3 worms (D:2)
  5 ball pythons
  3 endoplasms
  2 giant cockroaches
  6 goblins
  4 hobgoblins
  3 quokkas
  2 bats
  3 frilled lizards (D:2)
  2 kobolds (D:2)
  A rat (D:2)
38 creatures vanquished.

Notes
Turn   | Place    | Note
-------+----------+-------------------------------------------
     0 | D:1      | gruber the Ghoul Monk began the quest for the Orb.
     0 | D:1      | Reached XP level 1. HP: 19/19 MP: 0/0
    84 | D:1      | Found a faded altar of an unknown god.
   163 | D:1      | Reached XP level 2. HP: 20/26 MP: 1/1
   303 | D:1      | Reached skill level 4 in Unarmed Combat
   686 | D:2      | Reached XP level 3. HP: 30/31 MP: 2/2
   868 | D:2      | Noticed Jessica
   872 | D:2      | Killed Jessica
   873 | D:2      | Reached skill level 5 in Unarmed Combat
   904 | D:2      | Reached XP level 4. HP: 38/38 MP: 3/3
  1766 | D:3      | Noticed an ogre
  1773 | D:3      | Annihilated by an ogre

Illustrated notes

Levels and vault maps discovered:
D:1:      evilmike_arrival_crescent, layout_rooms,
          ebering_ecumenical_altar_ruins, nicolae_concentric_dashed_squares_mild
D:2:      minmay_razor_zed, layout_loops_ring, uniq_jessica
D:3:      layout_rooms

Skill      XL: |  1  2  3 |
---------------+----------+-----
Unarmed Combat | 4 5 |  5.9
Fighting       | |  3.2
Dodging        | |  2.6

Action                     |  1- 3 |  4- 6 || total
---------------------------+-------+-------++-------
  Melee: Unarmed           |    52 |    52 ||   104
  Throw: Dart              |       |     4 ||     4
 Armour: Robe              |    21 |    27 ||    48
  Dodge: Dodged            |    20 |    16 ||    36

Table legend: (Time is in decaauts)
 A = Elapsed time spent in this place.
 B = Non-inter-level travel time spent in this place.
 C = Inter-level travel time spent in this place.
 D = Time resting spent in this place.
 E = Time spent auto-exploring this place.
 F = Levels seen in this place.
 G = Mean time per level.
                   A        B        C        D        E       F      G
               +--------+--------+--------+--------+--------+-----+--------+
         Total |   1763 |   1551 |    212 |      0 |   1331 |   3 |  587.7 |
       Dungeon |   1763 |   1551 |    212 |      0 |   1331 |   3 |  587.7 |
               +--------+--------+--------+--------+--------+-----+--------+

Top non-repeatable levels by time:
     D:2: 1118 daAuts
     D:1: 638 daAuts
     D:3: 6 daAuts
